[Event "Titled Tuesday Blitz August 15 Late 2023"]
[White "Hua, Lefong"]
[Black "Shimanov, Aleksandr"]
[WhiteFideId "2602253"]
[BlackFideId "4198603"]
[WhiteElo "2707"]
[BlackElo "3033"]
[Result "0-1"]
[Round "5"]
[TimeControl "180+1"]
[Date "2023.08.15"]
[WhiteClock "0:00:13"]
[BlackClock "0:00:30"]
[Board "16"]

1. d4 d5 2. c4 dxc4 3. Nf3 a6 4. e3 b5 5. a4 Bb7 6. b3 e6 7. axb5 axb5 8. Rxa8 Bxa8 9. bxc4 bxc4 10. Bxc4 Nd7 11. O-O Ngf6 12. Ba3 Bd6 13. Bxd6 cxd6 14. Nbd2 O-O 15. Qb3 Qc7 16. Rb1 Bxf3 17. gxf3 Rc8 18. Qb7 g6 19. Qxc7 Rxc7 20. Kf1 Kg7 21. Ke2 Ra7 22. Rb2 Ra1 23. Rb1 Ra5 24. Rb5 Ra7 25. Rb2 g5 26. Ra2 Rc7 27. Ra6 d5 28. Bb5 Nf8 29. Bd3 Rc1 30. Nf1 h5 31. h3 N8d7 32. Ra2 Rc7 33. Rc2 Rb7 34. Nd2 Ra7 35. Rb2 Rc7 36. Rc2 Rb7 37. Ra2 Nb8 38. Ra1 Nc6 39. Rb1 Ra7 40. Bb5 Ne7 41. Bd3 Nc8 42. Rc1 Nb6 43. Rb1 Nc8 44. Rc1 Nd6 45. Rc2 Ra1 46. Nf1 Kf8 47. Kd2 Ke7 48. Rc1 Ra7 49. Rc2 Nd7 50. Rb2 f5 51. Ke2 Nf6 52. Nd2 h4 53. Rc2 Rb7 54. Rc1 Nd7 55. Rb1 Rc7 56. Rb2 Kf6 57. Rc2 Ra7 58. Rc6 Ke7 59. e4 f4 60. e5 Nf7 61. Rc2 Rb7 62. Nf1 Rb4 63. Nh2 Rxd4 64. Rc7 Nxe5 65. Bb5 Kd6 66. Ra7 Rb4 67. Bxd7 Nxd7 68. Ng4 Rb6 69. Ra8 Ne5 70. Rg8 Rb2+ 71. Kf1 Nxf3 72. Rd8+ Ke7 73. Rh8 e5 74. Rh7+ Kd6 75. Rh6+ Kc5 76. Kg2 e4 77. Ra6 Rb1 78. Ra5+ Kb6 0-1


[Site "https://www.chess.com"]

[Event "Titled Tuesday Blitz August 15 Late 2023"]
[White "Indjic, Aleksandar"]
[Black "Papasimakopoulos, Alexandros"]
[WhiteFideId "911925"]
[BlackFideId "4244125"]
[WhiteElo "2991"]
[BlackElo "2705"]
[Result "1-0"]
[Round "5"]
[TimeControl "180+1"]
[Date "2023.08.15"]
[WhiteClock "0:02:03"]
[BlackClock "0:01:03"]
[Board "17"]

1. Nh3 d5 2. g3 e5 3. f3 c5 4. Nf2 Nc6 5. e4 Nf6 6. d3 Be7 7. Bg2 O-O 8. O-O Re8 9. Nc3 dxe4 10. dxe4 Nd4 11. Be3 Be6 12. a4 Qb6 13. Qc1 Rad8 14. Re1 Rd7 15. Nfd1 Red8 16. Bf2 h6 17. Ne3 Qb4 18. Ncd5 Nxd5 19. exd5 Bxd5 20. Nxd5 Rxd5 21. c3 Qa5 22. cxd4 cxd4 23. f4 Rc5 24. Qb1 Bf6 25. b4 1-0


[Site "https://www.chess.com"]

[Event "Titled Tuesday Blitz August 15 Late 2023"]
[White "Volovich, Vasily"]
[Black "Grigoriants, Sergey"]
[WhiteFideId "34169676"]
[BlackFideId "4130804"]
[WhiteElo "2703"]
[BlackElo "2960"]
[Result "0-1"]
[Round "5"]
[TimeControl "180+1"]
[Date "2023.08.15"]
[WhiteClock "0:00:01"]
[BlackClock "0:00:04"]
[Board "18"]

1. e4 e6 2. d4 d5 3. Bd3 dxe4 4. Bxe4 Nf6 5. Bf3 c5 6. Ne2 Nc6 7. Be3 Nd5 8. Bxd5 Qxd5 9. Nbc3 Qxg2 10. Rg1 Qf3 11. Nb5 cxd4 12. Nexd4 Qxd1+ 13. Rxd1 Bb4+ 14. c3 Ba5 15. Rxg7 e5 16. Nxc6 bxc6 17. Nd6+ Ke7 18. Rxf7+ Ke6 19. Rg7 Bb6 20. Ne4 Kf5 21. Ng3+ Ke6 22. Ne4 Kf5 23. Bxb6 axb6 24. f3 Be6 25. a3 Rag8 26. Rxg8 Rxg8 27. Kf2 Bd5 28. Ng3+ Ke6 29. Ke3 Rg6 30. Rf1 Rh6 31. Rf2 Rh4 32. Ne2 c5 33. f4 Rh3+ 34. Ng3 h5 35. Kd2 exf4 36. Rxf4 Rxh2+ 37. Ke3 h4 38. Nf5 h3 39. Ng7+ Kd7 40. c4 Bg2 41. Rf7+ Kc6 42. Ne8 b5 43. Rf6+ Kd7 44. Nd6 bxc4 45. Nxc4 Rh1 46. Ne5+ Ke7 47. Rh6 Rb1 48. Kf2 Rxb2+ 49. Kg3 Rb3+ 50. Kh2 Rxa3 51. Ng6+ Kf6 52. Nf4+ Kg5 53. Rc6 Kxf4 54. Rxc5 Ra1 55. Rc4+ Ke3 56. Rc3+ Kd4 57. Rc2 Kd3 58. Rb2 Rh1+ 59. Kg3 Rc1 60. Kh2 Ke3 61. Rb3+ Kf4 62. Rb2 Be4 63. Rf2+ Bf3 64. Rf1 Rc3 65. Kxh3 Rc6 66. Kh2 Rh6+ 67. Kg1 Kg3 68. Rxf3+ Kxf3 69. Kf1 Rh1# 0-1


[Site "https://www.chess.com"]

[Event "Titled Tuesday Blitz August 15 Late 2023"]
[White "Djordjevic, Vuk"]
[Black "Drygalov, Sergey"]
[WhiteFideId "902098"]
[BlackFideId "24171743"]
[WhiteElo "2700"]
[BlackElo "2959"]
[Result "0-1"]
[Round "5"]
[TimeControl "180+1"]
[Date "2023.08.15"]
[WhiteClock "0:00:01"]
[BlackClock "0:01:24"]
[Board "19"]

1. d4 Nf6 2. Bg5 Ne4 3. Bf4 c5 4. f3 Qa5+ 5. c3 Nf6 6. d5 d6 7. e4 g6 8. Nd2 Bg7 9. Nc4 Qd8 10. a4 Nbd7 11. Qd2 O-O 12. g4 b6 13. Bh6 Ba6 14. h4 Bxc4 15. Bxc4 Ne5 16. Be2 e6 17. h5 exd5 18. hxg6 fxg6 19. exd5 Bxh6 20. Qxh6 Qd7 21. O-O-O Qxa4 22. Nh3 b5 23. Ng5 Nf7 24. Nxf7 Rxf7 25. f4 b4 26. Rh3 Qa1+ 27. Kc2 b3+ 28. Kd2 Qxb2+ 29. Ke1 Re8 30. Rd2 Qb1+ 31. Rd1 Qe4 0-1


[Site "https://www.chess.com"]

[Event "Titled Tuesday Blitz August 15 Late 2023"]
[White "Hoang, Thi Bao Tram"]
[Black "Kramnik, Vladimir"]
[WhiteFideId "12401102"]
[BlackFideId "4101588"]
[WhiteElo "2677"]
[BlackElo "2946"]
[Result "0-1"]
[Round "5"]
[TimeControl "180+1"]
[Date "2023.08.15"]
[WhiteClock "0:00:06"]
[BlackClock "0:00:05"]
[Board "20"]

1. Nf3 c5 2. g3 g6 3. Bg2 Bg7 4. O-O Nc6 5. c3 e5 6. d3 Nge7 7. Be3 d6 8. Qc1 O-O 9. Bh6 f5 10. Bxg7 Kxg7 11. Nbd2 d5 12. e4 dxe4 13. dxe4 f4 14. Nc4 Qc7 15. a4 Be6 16. Na3 Rad8 17. b4 h6 18. Qb2 g5 19. Rfd1 Ng6 20. Nb5 Qe7 21. bxc5 Rxd1+ 22. Rxd1 Bg4 23. Rd3 Qxc5 24. Nd6 Qb6 25. Qa2 Nce7 26. a5 Qc6 27. Qc4 fxg3 28. hxg3 Qxc4 29. Nxc4 Nc6 30. Nfd2 Rd8 31. Rxd8 Nxd8 32. Nd6 Kf6 33. f3 Be6 34. Bf1 h5 35. Nb5 Nc6 36. a6 bxa6 37. Nc7 a5 38. Bb5 Nge7 39. Kf2 h4 40. gxh4 gxh4 41. Kg2 Bc8 42. Nc4 Kg5 43. Nd6 Bd7 44. Nf7+ Kf4 45. Nd5+ Nxd5 46. exd5 Nb8 47. Bxd7 Nxd7 48. Nd6 a4 49. Nc4 h3+ 50. Kxh3 Kxf3 51. d6 e4 52. Nd2+ Ke3 53. Nc4+ Kd3 54. Na3 Kxc3 55. Kg4 Kb3 56. Nb1 a3 57. Nd2+ Kc2 58. Nxe4 a2 59. Kf5 a1=Q 60. Ke6 Qe5+ 61. Kxd7 Qxe4 0-1


[Site "https://www.chess.com"]

[Event "Titled Tuesday Blitz August 15 Late 2023"]
[White "Keymer, Vincent"]
[Black "Bjelobrk, Igor"]
[WhiteFideId "12940690"]
[BlackFideId "4300726"]
[WhiteElo "2938"]
[BlackElo "2676"]
[Result "1-0"]
[Round "5"]
[TimeControl "180+1"]
[Date "2023.08.15"]
[WhiteClock "0:00:44"]
[BlackClock "0:00:00"]
[Board "21"]

1. a3 d5 2. Nf3 Nf6 3. e3 Nbd7 4. c4 e6 5. b4 Be7 6. Bb2 O-O 7. d4 dxc4 8. Bxc4 b6 9. O-O Bb7 10. Qe2 c5 11. dxc5 bxc5 12. b5 Qc7 13. Nbd2 Rfd8 14. a4 h6 15. a5 Rab8 16. e4 Ba8 17. Bc3 Ng4 18. e5 h5 19. Rad1 Nf8 20. Bd3 Ng6 21. Bxg6 fxg6 22. Ne4 Rd5 23. h3 Nh6 24. Neg5 Bxg5 25. Nxg5 Qe7 26. Ne4 Nf5 27. Nd6 Nxd6 28. exd6 Qxd6 29. Rfe1 Kh7 30. Be5 Qd8 31. Bxb8 Qxb8 32. Qxe6 Rxd1 33. Rxd1 Qxb5 34. Rd8 1-0


[Site "https://www.chess.com"]

[Event "Titled Tuesday Blitz August 15 Late 2023"]
[White "Elsa167"]
[Black "Ozdemir, Serhan Berat"]
[BlackFideId "6374611"]
[WhiteElo "2936"]
[BlackElo "2665"]
[Result "1-0"]
[Round "5"]
[TimeControl "180+1"]
[Date "2023.08.15"]
[WhiteClock "0:00:05"]
[BlackClock "0:00:02"]
[Board "22"]

1. d4 Nf6 2. c4 g6 3. Nc3 Bg7 4. e4 d6 5. h3 O-O 6. Be3 c5 7. Nf3 cxd4 8. Nxd4 Nc6 9. Be2 Bd7 10. O-O Nxd4 11. Bxd4 Bc6 12. Qc2 Rc8 13. Rad1 Nd7 14. Bxg7 Kxg7 15. b3 Qa5 16. Qb2 Kg8 17. f4 a6 18. a4 Qb4 19. Bg4 e6 20. Na2 Qb6+ 21. Kh2 Bxe4 22. a5 Qc6 23. Nc3 h5 24. Bf3 Bxf3 25. Rxf3 Rfd8 26. f5 Qc5 27. fxg6 Qe5+ 28. Kh1 fxg6 29. Qc2 Kg7 30. Qd2 Nc5 31. b4 Ne4 32. Nxe4 Qxe4 33. Qg5 Rd7 34. c5 d5 35. Rdf1 Rg8 36. Re3 Qc4 37. Qf6+ Kh7 38. Rxe6 d4 39. Rd6 Rdg7 40. Rxd4 Qb5 41. Rfd1 Qe2 42. Rd7 Qe3 43. R7d5 Re7 44. Qxe7+ Qxe7 45. Rd7 Rg7 46. Rxe7 Rxe7 47. Rd6 Kh6 48. Rb6 Kg5 49. Kh2 h4 50. Kg1 Rf7 51. c6 bxc6 52. Rxc6 Rf4 53. Rb6 Kh6 54. b5 axb5 55. Rxb5 Ra4 56. Kf2 Ra3 57. Rc5 g5 58. Rc6+ Kh5 59. a6 g4 60. hxg4+ Kxg4 61. Ke2 Ra2+ 62. Kd3 Rxg2 63. Rg6+ Kh3 64. Rxg2 Kxg2 65. a7 h3 66. a8=Q+ Kg1 67. Qa1+ Kg2 68. Qg7+ Kf1 69. Qg3 h2 70. Qxh2 1-0


[Site "https://www.chess.com"]

[Event "Titled Tuesday Blitz August 15 Late 2023"]
[White "Zhigalko, Sergei"]
[Black "Hansen, Torbjorn Ringdal"]
[WhiteFideId "13502956"]
[BlackFideId "1501720"]
[WhiteElo "2933"]
[BlackElo "2660"]
[Result "1-0"]
[Round "5"]
[TimeControl "180+1"]
[Date "2023.08.15"]
[WhiteClock "0:00:04"]
[BlackClock "0:00:00"]
[Board "23"]

1. e4 e5 2. Nf3 Nc6 3. Bc4 Nf6 4. d3 h6 5. O-O d6 6. c3 g5 7. Re1 Ne7 8. Qb3 Rh7 9. d4 Ng6 10. Be3 g4 11. Nfd2 c6 12. a4 Qc7 13. Na3 Be7 14. Rad1 h5 15. Bg5 h4 16. Nf1 Kf8 17. Qc2 Rh5 18. Qc1 d5 19. exd5 cxd5 20. dxe5 dxc4 21. Nb5 Qc5 22. exf6 Rxg5 23. fxe7+ Nxe7 24. Rd8+ Kg7 25. Nd4 b6 26. b4 cxb3 27. Nxb3 Qf5 28. Rxe7 Bb7 29. Nd4 Qf6 30. Rdd7 1-0


[Site "https://www.chess.com"]

[Event "Titled Tuesday Blitz August 15 Late 2023"]
[White "Sydoryka, Vladyslav"]
[Black "Dardha, Daniel"]
[WhiteFideId "14145928"]
[BlackFideId "240990"]
[WhiteElo "2623"]
[BlackElo "2916"]
[Result "0-1"]
[Round "5"]
[TimeControl "180+1"]
[Date "2023.08.15"]
[WhiteClock "0:00:03"]
[BlackClock "0:00:34"]
[Board "25"]

1. c4 c6 2. g3 d5 3. Bg2 Nf6 4. Nf3 Nbd7 5. d4 dxc4 6. O-O b5 7. a4 Bb7 8. b3 e6 9. bxc4 bxc4 10. Qc2 c5 11. Na3 cxd4 12. Nxc4 Bc5 13. Ba3 O-O 14. Rfd1 Be4 15. Qd2 d3 16. exd3 Bd5 17. Ne3 Bxa3 18. Nxd5 Nxd5 19. Rxa3 Rc8 20. Rb3 Nc5 21. Ra3 Qd6 22. Qa2 Nb4 23. Qe2 a5 24. d4 Nd7 25. Ne5 Rc2 26. Qb5 Nxe5 27. Qxe5 Qxe5 28. dxe5 g5 29. h4 h6 30. Rd7 Re2 31. hxg5 hxg5 32. f4 Rc8 33. Bf1 Rc1 34. fxg5 Nc6 35. Rc7 Ree1 36. Rf3 Nxe5 37. Rxc1 Nxf3+ 38. Kf2 Rxc1 39. Kxf3 0-1


[Site "https://www.chess.com"]

[Event "Titled Tuesday Blitz August 15 Late 2023"]
[White "Moskalenko, Alexander"]
[Black "Wieczorek, Oskar"]
[WhiteFideId "4155351"]
[BlackFideId "1133950"]
[WhiteElo "2884"]
[BlackElo "2614"]
[Result "1-0"]
[Round "5"]
[TimeControl "180+1"]
[Date "2023.08.15"]
[WhiteClock "0:01:14"]
[BlackClock "0:00:06"]
[Board "26"]

1. e4 c5 2. Ne2 e6 3. Nbc3 Nf6 4. e5 Ng4 5. d4 cxd4 6. Qxd4 h5 7. Bf4 Nc6 8. Qd2 Ngxe5 9. O-O-O d5 10. Nd4 Bc5 11. Nb3 Bb6 12. Nxd5 exd5 13. Bxe5 Nxe5 14. Re1 f6 15. f4 O-O 16. fxe5 fxe5 17. Rxe5 Rf2 18. Re2 Rf6 19. Re5 Rf2 20. Be2 Bg4 21. Rf1 Rxf1+ 22. Bxf1 Qf6 23. Qxd5+ Kh8 24. Bd3 Qf4+ 25. Kb1 Rd8 26. Qxd8+ Bxd8 27. Re8+ Qf8 28. Rxf8# 1-0


[Site "https://www.chess.com"]

[Event "Titled Tuesday Blitz August 15 Late 2023"]
[White "Altman, Joshua"]
[Black "Ibarra Jerez, Jose Carlos"]
[WhiteFideId "426210"]
[BlackFideId "2226332"]
[WhiteElo "2610"]
[BlackElo "2883"]
[Result "0-1"]
[Round "5"]
[TimeControl "180+1"]
[Date "2023.08.15"]
[WhiteClock "0:02:40"]
[BlackClock "0:01:59"]
[Board "27"]

1. d4 Nf6 2. c4 d6 3. Nf3 g6 4. Nc3 Bf5 5. Bg5 Ne4 6. Nxe4 Bxe4 7. e3 c6 8. Bd3 Bxf3 9. gxf3 Qa5+ 10. Qd2 Qxg5 11. O-O-O Qf6 12. h4 Bg7 13. h5 O-O 14. hxg6 hxg6 15. f4 c5 16. d5 b5 17. Rh3 bxc4 18. Bxc4 Nd7 19. Rdh1 Nb6 20. Bb3 c4 0-1


[Site "https://www.chess.com"]

[Event "Titled Tuesday Blitz August 15 Late 2023"]
[White "Isajevsky, Anton"]
[Black "Cordova, Emilio"]
[WhiteFideId "4142500"]
[BlackFideId "3801497"]
[WhiteElo "2605"]
[BlackElo "2872"]
[Result "0-1"]
[Round "5"]
[TimeControl "180+1"]
[Date "2023.08.15"]
[WhiteClock "0:00:00"]
[BlackClock "0:00:08"]
[Board "28"]

1. c4 e5 2. g3 d6 3. Bg2 f5 4. Nc3 Nf6 5. d3 Be7 6. e4 O-O 7. Nge2 c6 8. O-O Qe8 9. exf5 Bxf5 10. Ne4 Nbd7 11. N2c3 Rd8 12. Nxf6+ Nxf6 13. d4 Qg6 14. b3 exd4 15. Qxd4 Ng4 16. Bf4 Bf6 17. Qd2 Qh5 18. h3 Ne5 19. g4 Bxg4 20. hxg4 Nxg4 21. f3 Qc5+ 22. Kh1 Bxc3 23. Qxc3 Nf2+ 24. Rxf2 Qxf2 25. Qd2 Qh4+ 26. Bh2 Rf6 27. f4 Re8 28. Rf1 Rh6 29. Bf3 Re3 30. Qg2 Kh8 31. f5 Qf4 32. Be2 Rxh2+ 33. Qxh2 Qxh2+ 34. Kxh2 Rxe2+ 35. Kg3 Rxa2 36. Re1 Kg8 37. Re7 b5 38. cxb5 cxb5 39. Rb7 a6 40. Rb6 Ra3 41. Kf4 Rxb3 42. Rxa6 Rd3 43. Rb6 Rd5 44. Ke4 Re5+ 45. Kf4 Rc5 46. Rxd6 h6 47. Rd8+ Kf7 48. Rd7+ Kf6 49. Rd6+ Ke7 50. Rb6 Kf7 51. Ke4 Rc4+ 52. Ke5 Rb4 53. Rb7+ Kg8 54. Rb8+ Kh7 55. Rb7 Rb1 56. f6 Rg1 57. fxg7 Rxg7 58. Rb6 Rg5+ 59. Kf4 Rc5 60. Ke4 h5 61. Kd4 Rg5 62. Ke4 Kg7 63. Kf4 Rc5 64. Ke4 Kf7 65. Kd4 Rg5 66. Ke4 Ke7 67. Kf4 Rc5 68. Ke4 Kd7 69. Kd4 Rg5 70. Rh6 Kc7 71. Kc3 Kd7 72. Kb4 Ke7 73. Kc3 Kf7 74. Kd3 Kg7 75. Rb6 h4 76. Rb7+ Kg6 77. Ra7 h3 78. Ra1 h2 0-1


[Site "https://www.chess.com"]

[Event "Titled Tuesday Blitz August 15 Late 2023"]
[White "Lysyj, Igor"]
[Black "Manukyan, Sargis A."]
[WhiteFideId "4150120"]
[BlackFideId "13303970"]
[WhiteElo "2867"]
[BlackElo "2593"]
[Result "1-0"]
[Round "5"]
[TimeControl "180+1"]
[Date "2023.08.15"]
[WhiteClock "0:00:08"]
[BlackClock "0:00:26"]
[Board "29"]

1. d4 d5 2. c4 e6 3. Nf3 Nf6 4. g3 Be7 5. Bg2 O-O 6. O-O dxc4 7. Na3 c5 8. dxc5 Bxc5 9. Nxc4 b5 10. Be3 Bxe3 11. Nxe3 Bb7 12. Qxd8 Rxd8 13. Ne5 Bxg2 14. Kxg2 Nfd7 15. Rfd1 f6 16. Nd3 Na6 17. Nf4 Ndc5 18. Rac1 b4 19. Nc4 g5 20. Nh5 Kf7 21. g4 Kg6 22. Ng3 f5 23. h3 f4 24. Nh5 Kf7 25. Ne5+ Kf8 26. Nf3 h6 27. h4 Ke7 28. hxg5 hxg5 29. Rxd8 Rxd8 30. Nxg5 Rg8 31. Nh3 Rxg4+ 32. Kf3 Rg8 33. N5xf4 e5 34. Nd5+ Kd6 35. Ne3 Nc7 36. Rd1+ Ke6 37. Rg1 Rh8 38. Ng5+ Ke7 39. Rg3 a5 40. Kg2 N7e6 41. Nxe6 Nxe6 42. Rg5 Nf4+ 43. Kf3 Kf6 44. Rf5+ Ke6 45. Ke4 Rh4 46. Rxe5+ Kd6 47. Nf5+ Kc6 48. Nxh4 Nxe2 49. Rxa5 Nc1 50. b3 Kb6 51. Ra4 Kb5 52. f4 Ne2 53. f5 Nc3+ 54. Ke5 Nxa4 55. bxa4+ Kxa4 56. f6 Ka3 57. f7 Kxa2 58. f8=Q b3 59. Nf3 Ka1 60. Nd2 b2 61. Qa8# 1-0


[Site "https://www.chess.com"]

[Event "Titled Tuesday Blitz August 15 Late 2023"]
[White "Galchenko, Matvey"]
[Black "Kirk, Ezra"]
[WhiteFideId "24175480"]
[BlackFideId "600067"]
[WhiteElo "2865"]
[BlackElo "2584"]
[Result "1-0"]
[Round "5"]
[TimeControl "180+1"]
[Date "2023.08.15"]
[WhiteClock "0:00:19"]
[BlackClock "0:00:00"]
[Board "30"]

1. e4 c5 2. Nc3 Nc6 3. Bb5 Nd4 4. Nf3 a6 5. Bd3 Nc6 6. O-O e5 7. Bc4 Be7 8. d3 Nf6 9. Ng5 O-O 10. f4 b5 11. Bb3 d6 12. f5 Nd4 13. Nf3 Nxb3 14. axb3 Bb7 15. Qe2 Re8 16. h3 d5 17. exd5 Nxd5 18. Nxd5 Qxd5 19. Qxe5 Qc6 20. Qg3 Bf6 21. Bf4 Re2 22. Rf2 Rae8 23. c3 Qd5 24. Rxe2 Rxe2 25. Re1 Qxd3 26. Rxe2 Qxe2 27. Bg5 Qd1+ 28. Kh2 1-0


[Site "https://www.chess.com"]

[Event "Titled Tuesday Blitz August 15 Late 2023"]
[White "Kovalev, Vladislav"]
[Black "Przybylski, Wojciech"]
[WhiteFideId "13504398"]
[BlackFideId "1117599"]
[WhiteElo "2864"]
[BlackElo "2578"]
[Result "1-0"]
[Round "5"]
[TimeControl "180+1"]
[Date "2023.08.15"]
[WhiteClock "0:01:25"]
[BlackClock "0:00:00"]
[Board "31"]

1. e4 e5 2. Nf3 Nc6 3. Bb5 Nf6 4. O-O Nxe4 5. Re1 Nd6 6. Nxe5 Be7 7. Bf1 Nf5 8. Nf3 d5 9. d4 O-O 10. c3 Re8 11. Bd3 Bf6 12. Rxe8+ Qxe8 13. Bf4 Qe7 14. Nbd2 Be6 15. Qc2 g6 16. Re1 Qd7 17. Ng5 Ng7 18. Nxe6 Nxe6 19. Bg3 Ng7 20. Qb3 Rb8 21. Nf1 Be7 22. Ne3 Ne6 23. Nxd5 Bd8 24. Ne3 h5 25. h3 a6 26. Be4 Ne7 27. Nc4 b5 28. Ne5 Qe8 29. Nxg6 Ng5 30. Nxe7+ Qxe7 31. Bh7+ 1-0


[Site "https://www.chess.com"]

[Event "Titled Tuesday Blitz August 15 Late 2023"]
[White "Kochiev, Ivan"]
[Black "Lagarde, Maxime"]
[WhiteFideId "2917890"]
[BlackFideId "662399"]
[WhiteElo "2574"]
[BlackElo "2858"]
[Result "0-1"]
[Round "5"]
[TimeControl "180+1"]
[Date "2023.08.15"]
[WhiteClock "0:00:04"]
[BlackClock "0:01:07"]
[Board "32"]

1. e4 Nc6 2. Nf3 d6 3. Bc4 Nf6 4. d3 g6 5. O-O Bg7 6. c3 O-O 7. Re1 a6 8. Bb3 Na5 9. Bc2 c5 10. h3 e5 11. d4 Qc7 12. Nbd2 b5 13. Nf1 exd4 14. cxd4 Bb7 15. b3 Rfe8 16. Ng3 cxd4 17. Nxd4 Rac8 18. Bf4 Nd7 19. Rc1 Ne5 20. h4 Nac6 21. Bb1 Qb6 22. Nde2 Ng4 23. Rf1 Nce5 24. Rxc8 Rxc8 25. Nd4 h5 26. Nf3 Rc3 27. Ng5 b4 28. Qd2 a5 29. Kh1 Ba6 30. Bxe5 Bxe5 31. Qd5 Nxf2+ 32. Rxf2 Qxf2 33. Qa8+ Kg7 34. Qxa6 0-1


[Site "https://www.chess.com"]

[Event "Titled Tuesday Blitz August 15 Late 2023"]
[White "Remizov, Yaroslav"]
[Black "Vovk, Orest"]
[WhiteFideId "34134015"]
[BlackFideId "14113490"]
[WhiteElo "2844"]
[BlackElo "2573"]
[Result "1-0"]
[Round "5"]
[TimeControl "180+1"]
[Date "2023.08.15"]
[WhiteClock "0:02:13"]
[BlackClock "0:00:03"]
[Board "33"]

1. e4 g6 2. d4 Nf6 3. e5 Nh5 4. Be2 d6 5. Bxh5 gxh5 6. Qxh5 dxe5 7. Qxe5 Rg8 8. Ne2 Nc6 9. Qe4 Rg4 10. Bf4 f5 11. Qe3 Rxg2 12. Bg3 e5 13. Qf3 Rxg3 14. hxg3 Be6 15. Rxh7 Qf6 16. d5 O-O-O 17. dxc6 e4 18. Qc3 Qg6 19. cxb7+ Kb8 20. Qxc7# 1-0


[Site "https://www.chess.com"]

[Event "Titled Tuesday Blitz August 15 Late 2023"]
[White "Leenhouts, Koen"]
[Black "Salinas Herrera, Pablo"]
[WhiteFideId "1008439"]
[BlackFideId "3407128"]
[WhiteElo "2555"]
[BlackElo "2829"]
[Result "1-0"]
[Round "5"]
[TimeControl "180+1"]
[Date "2023.08.15"]
[WhiteClock "0:00:39"]
[BlackClock "0:00:34"]
[Board "34"]

1. d4 e6 2. c4 b6 3. a3 Bb7 4. d5 g6 5. g3 Bg7 6. Bg2 Ne7 7. e4 O-O 8. Ne2 exd5 9. exd5 c6 10. O-O cxd5 11. Nbc3 Na6 12. cxd5 Nc5 13. b4 Na6 14. d6 Nc6 15. b5 Nc5 16. bxc6 dxc6 17. Be3 Ne6 18. Qd2 Ba6 19. Rac1 Rc8 20. Rfd1 Qd7 21. Nf4 Ng5 22. h4 Ne6 23. Nxe6 Qxe6 24. d7 Rcd8 25. Ne4 c5 26. Ng5 Qb3 27. Bd5 Qxa3 28. Nxf7 Rxf7 29. Bxf7+ Kxf7 30. Qd5+ Kf8 31. Qd6+ Kf7 32. Qd5+ Kf8 33. Bg5 Bd4 34. Rxd4 cxd4 35. Bxd8 Qxc1+ 36. Kh2 Qd2 37. Be7+ Kg7 38. Bf6+ 1-0


[Site "https://www.chess.com"]

[Event "Titled Tuesday Blitz August 15 Late 2023"]
[White "Klukin, Kirill"]
[Black "Soderstrom, Adrian"]
[WhiteFideId "24199273"]
[BlackFideId "1745786"]
[WhiteElo "2824"]
[BlackElo "2549"]
[Result "1-0"]
[Round "5"]
[TimeControl "180+1"]
[Date "2023.08.15"]
[WhiteClock "0:00:12"]
[BlackClock "0:00:27"]
[Board "35"]

1. d4 Nf6 2. Nf3 d5 3. c3 c5 4. e3 e6 5. Nbd2 Nc6 6. Bd3 b6 7. O-O Bd6 8. Qe2 cxd4 9. exd4 O-O 10. Re1 Bb7 11. Nf1 Ne7 12. Bg5 Ne4 13. Bxe4 dxe4 14. N3d2 f6 15. Bh4 Nf5 16. Bg3 Nxg3 17. hxg3 f5 18. f3 e5 19. fxe4 fxe4 20. Nxe4 exd4 21. Rad1 Bxe4 22. Qxe4 Qf6 23. cxd4 Qf2+ 24. Kh2 Rad8 25. Re2 Qf7 26. Rde1 Qh5+ 27. Kg1 Rf6 28. Qh4 Qd5 29. Ne3 Qxa2 30. Ng4 Rff8 31. Ne5 Qd5 32. Re4 Bxe5 33. dxe5 Qc5+ 34. Kh2 Rd2 35. R4e2 Rf2 36. Rxd2 Rxd2 37. e6 Qc6 38. Re4 h6 39. e7 Qe8 40. Rf4 Kh7 41. Rf8 Qc6 42. Qh3 Re2 43. Qf5+ Qg6 44. Qxg6+ Kxg6 45. e8=Q+ Rxe8 46. Rxe8 Kf7 47. Ra8 Ke6 48. Rxa7 b5 49. Rxg7 Ke5 50. Rh7 Kd5 51. Rxh6 Kc5 52. Rh4 b4 53. Rf4 Kb5 54. Rf3 Ka5 55. g4 Ka4 56. g5 b3 57. g6 1-0


[Site "https://www.chess.com"]

[Event "Titled Tuesday Blitz August 15 Late 2023"]
[White "Mekhitarian, Krikor Sevag"]
[Black "Kashefi, Amir Hosein"]
[WhiteFideId "2107660"]
[BlackFideId "12557935"]
[WhiteElo "2810"]
[BlackElo "2543"]
[Result "1/2-1/2"]
[Round "5"]
[TimeControl "180+1"]
[Date "2023.08.15"]
[WhiteClock "0:00:04"]
[BlackClock "0:00:24"]
[Board "36"]

1. Nf3 d5 2. c4 c6 3. d4 Nf6 4. e3 Bg4 5. h3 Bxf3 6. Qxf3 e6 7. Bd3 Nbd7 8. O-O Bd6 9. Nc3 O-O 10. e4 dxc4 11. Bxc4 e5 12. Be3 exd4 13. Bxd4 Ne5 14. Bxe5 Bxe5 15. Rad1 Qb6 16. Bb3 Rad8 17. g3 Rxd1 18. Rxd1 Rd8 19. Kg2 g6 20. Qe2 Rxd1 21. Nxd1 Qd4 22. f4 Bc7 23. Nf2 Bb6 24. e5 Nd5 25. h4 h5 26. e6 Ne3+ 27. Kf3 fxe6 28. Bxe6+ Kg7 29. Bb3 a5 30. Qd3 Qxd3 31. Nxd3 Nf5 32. Bd1 Bd4 33. b3 b5 34. Ne1 Bc3 35. Nc2 Kf6 36. Be2 Bd2 37. Bd3 Ne7 38. a4 bxa4 39. bxa4 Bc3 40. Be4 c5 41. Ne3 Bd4 42. Nc4 Bc3 43. Ke2 Bb4 44. Kd3 Nc8 45. Bb7 Ne7 46. Be4 Nf5 47. Bxf5 Kxf5 48. Ne3+ Kf6 49. Ke4 Ke6 50. Kf3 Bd2 51. Nc4 Bc3 52. Ne3 Bd4 53. Nc4 Bc3 54. Ne3 Be1 55. Nc2 Bd2 56. Ke2 Bb4 57. Kd3 Kf6 58. Ke4 Ke6 59. Kd3 Kd5 60. Ne3+ Ke6 61. Nc2 1/2-1/2


[Site "https://www.chess.com"]

[Event "Titled Tuesday Blitz August 15 Late 2023"]
[White "Nanu, Costica-Ciprian"]
[Black "Tristan, Leonardo"]
[WhiteFideId "1204580"]
[BlackFideId "113816"]
[WhiteElo "2540"]
[BlackElo "2783"]
[Result "1/2-1/2"]
[Round "5"]
[TimeControl "180+1"]
[Date "2023.08.15"]
[WhiteClock "0:00:40"]
[BlackClock "0:00:08"]
[Board "37"]

1. e4 d5 2. exd5 Qxd5 3. Nf3 Bg4 4. Be2 Nc6 5. h3 Bxf3 6. Bxf3 Qe6+ 7. Qe2 Qxe2+ 8. Bxe2 O-O-O 9. c3 e5 10. d3 f5 11. Nd2 g6 12. Nc4 Bg7 13. a4 Nf6 14. b4 Rhe8 15. b5 Ne7 16. Bb2 Ned5 17. g3 e4 18. d4 e3 19. f3 Nh5 20. Rg1 Bf6 21. O-O-O f4 22. g4 Ng3 23. Bd3 e2 24. Rde1 Nxc3 25. Bxc3 Bxd4 26. Bxd4 Rxd4 27. Kc2 Red8 28. Nb2 Re8 29. Rg2 Re3 30. Bxe2 Rb4 31. Nd1 Ra3 32. Nc3 Nxe2 33. Rgxe2 Rc4 34. Re8+ Kd7 35. R8e7+ Kd8 36. Re8+ Kd7 37. R8e7+ Kd8 38. Re8+ Kd7 1/2-1/2


[Site "https://www.chess.com"]

[Event "Titled Tuesday Blitz August 15 Late 2023"]
[White "Yanchenko, Roman"]
[Black "Avila Rodriguez, Joshua Ad"]
[WhiteFideId "4137329"]
[BlackFideId "5126444"]
[WhiteElo "2783"]
[BlackElo "2525"]
[Result "1-0"]
[Round "5"]
[TimeControl "180+1"]
[Date "2023.08.15"]
[WhiteClock "0:00:58"]
[BlackClock "0:00:04"]
[Board "38"]

1. d4 Nf6 2. Bf4 d5 3. e3 c5 4. Nf3 Nc6 5. Be2 Qb6 6. Nc3 a6 7. a3 cxd4 8. exd4 Bg4 9. Na4 Qa7 10. c3 e6 11. b4 Ne4 12. Rc1 Bd6 13. Bxd6 Nxd6 14. O-O O-O 15. Nc5 b6 16. Nxa6 Bxf3 17. gxf3 Nc4 18. Bxc4 dxc4 19. b5 Na5 20. Qe2 Rfc8 21. a4 Qe7 22. Kh1 Nb3 23. Rc2 Qa3 24. Ra2 Nc1 25. Rxa3 Nxe2 26. Nb4 Nf4 27. Nc6 Nd5 28. Kg2 Kf8 29. Rfa1 g5 30. Kf1 h5 31. Ke2 f6 32. Kd2 Kf7 33. a5 bxa5 34. Rxa5 Rxa5 35. Rxa5 g4 36. Ra7+ Kg6 37. fxg4 hxg4 38. Ne7+ Nxe7 39. Rxe7 Rb8 40. Rxe6 Rxb5 41. Rc6 Kf5 42. Rc5+ Rxc5 43. dxc5 Ke5 44. Ke3 Kd5 45. Kf4 Kxc5 46. Kxg4 Kb5 47. Kf4 Ka4 48. Ke3 Kb3 49. Kd4 1-0


[Site "https://www.chess.com"]